 Dungeon Crawl Stone Soup version 0.20.0-8-g6b59dc7 (webtiles) character file.

130 straycat the Sneak (level 4, -1/34 HPs)
             Began as a Vampire Wanderer on May 31, 2017.
             Was an Initiate of Yredelemnul.
             Slain by Natasha (9 damage)
             ... on level 2 of the Dungeon.
             The game lasted 00:18:41 (3742 turns).

straycat the Sneak (Vampire Wanderer)               Turns: 3742, Time: 00:18:42

Health: -1/34      AC:  0    Str: 14    XL:     4   Next: 89%
Magic:  7/7        EV: 21    Int: 11    God:    Yredelemnul [......]
Gold:   139        SH:  0    Dex: 19    Spells: 5/7 levels left

rFire    . . .     SeeInvis +     - Unarmed
rCold    + . .     Gourm    .   (shield currently unavailable)
rNeg     + + .     Faith    .   (armour currently unavailable)
rPois    +         Spirit   .   (helmet currently unavailable)
rElec    .         Reflect  .   (cloak currently unavailable)
rCorr    .         Harm     .   (gloves currently unavailable)
MR       .....                  (boots currently unavailable)
Stlth    +++++.....             (no amulet)
Regen    0.1/turn               (ring currently unavailable)
MPRegen  0.1/turn               (ring currently unavailable)

@: bat-form, flying, regenerating slowly, hasted and slowed, very quick
A: fangs 3, see invisible
a: End Transformation, Renounce Religion


You were on level 2 of the Dungeon.
You worshipped Yredelemnul.
Yredelemnul was noncommittal.
You were thirsty.
You were in vampire-bat-form.
You visited 2 branches of the dungeon, and saw 5 of its levels.

You collected 139 gold pieces.

Inventory:

Hand Weapons
 a - a +3 dagger
 h - a +0 whip
 o - a +4 spear of venom
 C - a cursed -2 blowgun (melded)
Missiles
 e - 11 arrows
 i - 58 stones (quivered)
 y - 20 poisoned needles
 A - 11 sling bullets
 B - 3 javelins
Armour
 j - a +2 pair of boots (melded)
 p - a +0 shield
 E - a +3 leather armour (melded)
Scrolls
 b - 4 scrolls of enchant weapon
 c - 3 scrolls of teleportation
 l - a scroll of recharging
 q - a scroll of magic mapping
Potions
 f - 11 potions of blood
 g - a potion of haste
 k - a potion of degeneration {unknown}
 m - a potion of lignification {unknown}
 n - a potion of brilliance {unknown}
 t - 2 potions of heal wounds {unknown}
 w - 2 potions of cancellation
 z - 2 potions of might {unknown}
 D - a potion of agility {unknown}
Books
 d - Sif Muna's Handbook of Cold

   Spells                             Type                      Level
   a - Throw Frost                    Conjuration/Ice              2
   b - Ensorcelled Hibernation        Hexes/Ice                    2


   Skills:
 * Level 2.9 Fighting
 + Level 1.5 Short Blades
 * Level 2.9 Dodging
 + Level 5.4 Stealth
 - Level 2.1 Unarmed Combat
 - Level 2.0 Spellcasting
 - Level 1.0 Ice Magic


You had 5 spell levels left.
You knew the following spells:

 Your Spells              Type           Power        Failure   Level  Hunger
a - Ensorcelled Hibernat  Hex/Ice        #.....       34%         2    ###....


Dungeon Overview and Level Annotations

Branches:
Dungeon (4/15)             Temple (1/1) D:4

Altars:
Ashenzari
Cheibriados
Dithmenos
Fedhas
Gozag
Hepliaklqana
Kikubaaqudgha
Nemelex Xobeh
Qazlal
Vehumet
Yredelemnul
Zin
The Shining One

Annotations:
D:2 Natasha


Innate Abilities, Weirdness & Mutations

You heal slowly.
You have razor-sharp teeth.
You have supernaturally acute eyesight. (SInv)
((You can survive without breathing.))


Message History

You hit Natasha but do no damage.
Natasha is heavily wounded.
Natasha stares at you and mumbles some strange words.
The magic dart hits you!
You hit Natasha but do no damage.
Natasha is heavily wounded.
Natasha mumbles some strange words.
Natasha closely misses you.
There is an open door here.
You feel yourself speed up.
The white imp sputters.
The white imp misses you. Natasha misses you. The white imp hits you.
* * * LOW HITPOINT WARNING * * *
The white imp freezes you. You resist.
* * * LOW HITPOINT WARNING * * *
You completely miss the white imp. Natasha completely misses you.
The white imp closely misses you.
You hit the white imp but do no damage. Natasha claws you!
You die...
Yredelemnul claims you as an undead slave.

############
#...........
####(..........
#..b5..........
#.##h%.........
#.#####'############
#>..................
#.#...#.....#######.
#$#...#####.# #.
#.#...#####.#######.
#.'...'.............
###...#####.....h...


You could see Natasha and a white imp.

Vanquished Creatures
  Natasha (D:2)
  2 adders (D:2)
  2 oozes
  2 dart slugs (D:2)
  2 leopard geckos
  2 orcs (D:3)
  15 bats
  A giant cockroach (D:1)
  6 goblins
  8 hobgoblins
  6 jackals
  7 kobolds
  2 ball pythons
  7 frilled lizards
  7 rats
70 creatures vanquished.

Notes
Turn   | Place    | Note
-------+----------+-------------------------------------------
     0 | D:1      | straycat the Vampire Wanderer began the quest for the Orb.
     0 | D:1      | straycat set off with: a +2 dagger, a scroll of blinking, a scroll of teleportation, Sif Muna's Handbook of Cold, a +0 robe, a potion of blood
     0 | D:1      | Reached XP level 1. HP: 16/16 MP: 3/3
     0 | D:1      | Identified Sif Muna's Handbook of Cold
   111 | D:1      | Reached XP level 2. HP: 13/22 MP: 5/5
   118 | D:1      | Reached skill level 1 in Short Blades
   221 | D:1      | Reached skill level 1 in Dodging
   628 | D:1      | Reached XP level 3. HP: 25/27 MP: 6/6
  1051 | D:2      | Reached skill level 5 in Stealth
  1145 | D:2      | Noticed Natasha
  1158 | D:2      | Killed Natasha
  1158 | D:2      | Reached XP level 4. HP: 15/34 MP: 7/7
  1500 | D:2      | Learned a level 2 spell: Ensorcelled Hibernation
  1597 | D:2      | Noticed Natasha
  2419 | D:4      | Found a staircase to the Ecumenical Temple.
  2431 | Temple   | Entered the Ecumenical Temple
  2602 | Temple   | Became a worshipper of Yredelemnul the Dark
  2885 | D:4      | Noticed a black bear
  3742 | D:2      | Slain by Natasha

Skill      XL: |  1  2  3 |
---------------+----------+-----
Fighting       | 2 |  2.9
Short Blades   | 1 |  1.5
Dodging        | 1 2 |  2.9
Stealth        | 5 |  5.4
Unarmed Combat | |  2.1
Spellcasting   | |  2.0
Ice Magic      | |  1.0

Action                   |  1- 3 |  4- 6 || total
-------------------------+-------+-------++-------
Melee: Dagger            |   152 |    75 ||   227
       Bite              |     8 |    22 ||    30
       Punch             |     1 |     1 ||     2
       Blowgun           |       |   119 ||   119
       Unarmed           |       |    33 ||    33
 Fire: Blowgun           |       |    32 ||    32
Throw: Stone             |     3 |       ||     3
 Cast: Ensorcelled Hiber |       |     2 ||     2
 Abil: Bat Form          |       |     2 ||     2
       End Transformatio |       |     1 ||     1
  Use: Potion            |     5 |     3 ||     8
       Scroll            |       |    12 ||    12
 Stab: Sleeping          |     5 |     5 ||    10
       Distracted        |       |     1 ||     1
       Confused          |       |     1 ||     1
  Eat: Corpse            |       |     1 ||     1
Armor: Robe              |    50 |       ||    50
       Leather armour    |    15 |   104 ||   119
Dodge: Dodged            |   104 |   235 ||   339
Block: Shield            |       |     6 ||     6
